Map: Orbital Shipyard

Players

PtitDrogo

  • Race: Protoss Protoss
  • League: Master

MelloW (Nina) - Winner!

  • Race: Protoss Protoss
  • League: Grandmaster

Event: DreamHack ROCCAT LotV Championship

VOD

Have the link to the VOD?

Description

Time

  • Played on: Nov. 26, 2015, 11:47 a.m.
  • Length: 9:02

All games in this series

Show
View Real Time Build Order
Export as new Build Order

PtitDrogo Protoss 

Build Orders: 1 Gate Expand, Oracle Opening 

Get SALT Encoding   

  12  0:01  Probe (Chrono Boost)  
  13  0:11  Probe (Chrono Boost)  
  14  0:18  Pylon  
  14  0:22  Probe (Chrono Boost)  
  15  0:36  Gateway, Probe (Chrono Boost)  
  15  0:41  Assimilator  
  16  0:47  Probe (Chrono Boost)  
  17  0:57  Probe (Chrono Boost)  
  18  1:08  Probe (Chrono Boost)  
  19  1:18  Nexus  
  19  1:26  Cybernetics Core  
  19  1:30  Probe (Chrono Boost)  
  20  1:37  Assimilator  
  20  1:40  Probe (Chrono Boost)  
  20  1:45  Pylon  
  21  1:51  Probe (Chrono Boost)  
  22  2:01  Probe (Chrono Boost)  
  23  2:03  Adept (Chrono Boost), Warp Gate  
  25  2:13  Probe  
  26  2:25  Probe (Chrono Boost)  
  26  2:26  Stargate  
  27  2:33  Adept  
  27  2:35  Probe (Chrono Boost)  
  27  2:36  Probe (Chrono Boost)  
  31  2:45  Probe (Chrono Boost)  
  31  2:47  Probe (Chrono Boost)  
  33  2:56  Probe (Chrono Boost)  
  33  2:57  Probe (Chrono Boost)  
  35  3:01  Adept  
  37  3:06  Probe (Chrono Boost)  
  37  3:08  Probe (Chrono Boost)  
  37  3:11  Oracle (Chrono Boost)  
  42  3:14  Pylon  
  42  3:15  Probe  
  42  3:19  Probe  
  44  3:25  Robotics Facility  
  44  3:26  Probe  
  44  3:28  Assimilator  
  44  3:31  Probe, Assimilator  
  46  3:36  Probe  
  47  3:43  Probe  
  47  3:47  Probe  
  48  3:51  Pylon  
  48  3:54  Gateway  
  50  3:55  Probe  
  50  3:56  Mothership Core, Gateway  
  50  4:07  Probe  
  50  4:08  Pylon  
  44  4:23  Probe  
  42  4:27  Immortal (Chrono Boost)  
  46  4:35  Pylon  
  46  4:36  Probe x2  
  48  4:41  Stalker  
  48  4:47  Probe  
  48  4:48  Probe  
  49  5:00  Probe x2  
  51  5:10  Probe  
  51  5:12  Probe  
  51  5:14  Observer  
  54  5:17  Twilight Council, Nexus  
  54  5:21  Probe  
  54  5:24  Probe  
  56  5:31  Probe  
  57  5:37  Probe  
  57  5:42  Probe  
  58  5:44  Immortal  
  58  5:49  Probe  
  64  5:53  Probe  
  64  5:56  Blink (Chrono Boost)  
  65  6:01  Probe, Robotics Bay  
  66  6:06  Probe  
  67  6:13  Probe  
  67  6:18  Probe, Pylon  
  69  6:19  Pylon  
  69  6:22  Stalker x2  
  69  6:25  Probe  
  74  6:27  Probe  
  74  6:30  Probe  
  76  6:37  Immortal, Probe x2  
  82  6:42  Probe  
  83  6:48  Probe  
  83  6:49  Stalker x3, Probe, Assimilator  
  83  6:50  Assimilator  
  83  6:52  Pylon  
  91  6:54  Probe  
  91  6:56  Forge  
  91  6:59  Probe  
  93  7:01  Probe  
  93  7:06  Probe  
  95  7:09  Probe  
  95  7:11  Robotics Facility  
  95  7:13  Probe  
  95  7:15  Stalker x3  
  99  7:16  Disruptor  
  99  7:18  Probe  
  99  7:20  Probe  
  108  7:25  Probe  
  109  7:35  Probe, Pylon x2  
  110  7:37  Pylon  
  110  7:39  Stalker x2  
  112  7:47  Disruptor  
  91  8:01  Disruptor  
  91  8:04  Stalker x3  
  78  8:20  Observer  
  66  8:34  Probe  
  46  8:44  Stalker  
  46  8:45  Stalker  
Show
View Real Time Build Order
Export as new Build Order

MelloW Protoss - Winner!

Build Orders: Nexus First 

Get SALT Encoding   

  12  0:01  Probe (Chrono Boost)  
  13  0:11  Probe (Chrono Boost)  
  14  0:18  Pylon  
  14  0:23  Probe (Chrono Boost)  
  15  0:36  Probe (Chrono Boost)  
  16  0:47  Probe (Chrono Boost)  
  17  0:57  Nexus  
  17  1:00  Probe (Chrono Boost)  
  18  1:11  Probe (Chrono Boost)  
  19  1:13  Gateway  
  19  1:18  Assimilator  
  19  1:21  Probe (Chrono Boost)  
  20  1:25  Assimilator  
  21  1:32  Probe (Chrono Boost)  
  21  1:37  Pylon  
  21  1:43  Probe (Chrono Boost)  
  22  1:54  Probe (Chrono Boost)  
  23  1:56  Gateway  
  23  2:04  Cybernetics Core, Probe (Chrono Boost)  
  24  2:10  Probe (Chrono Boost)  
  24  2:15  Probe (Chrono Boost)  
  26  2:21  Probe (Chrono Boost)  
  27  2:25  Probe (Chrono Boost)  
  28  2:32  Probe (Chrono Boost)  
  28  2:36  Probe (Chrono Boost)  
  30  2:41  Warp Gate  
  30  2:42  Probe (Chrono Boost)  
  30  2:43  Stalker x2 (Chrono Boost)  
  35  2:48  Mothership Core  
  37  2:54  Probe  
  37  2:55  Pylon  
  38  3:06  Probe (Chrono Boost)  
  38  3:09  Probe (Chrono Boost)  
  40  3:12  Robotics Facility  
  40  3:18  Probe (Chrono Boost)  
  41  3:20  Probe (Chrono Boost)  
  41  3:26  Stalker x2  
  46  3:28  Probe (Chrono Boost)  
  46  3:31  Probe (Chrono Boost)  
  46  3:33  Assimilator x2  
  48  3:39  Probe (Chrono Boost)  
  50  3:41  Probe (Chrono Boost)  
  50  3:44  Twilight Council  
  50  3:49  Probe (Chrono Boost)  
  50  3:52  Probe (Chrono Boost), Pylon  
  52  3:57  Pylon  
  53  4:03  Probe (Chrono Boost)  
  53  4:06  Probe (Chrono Boost)  
  54  4:13  Probe (Chrono Boost)  
  49  4:23  Probe (Chrono Boost)  
  48  4:25  Probe (Chrono Boost)  
  49  4:34  Probe (Chrono Boost)  
  49  4:36  Nexus  
  49  4:38  Probe (Chrono Boost)  
  51  4:39  Blink (Chrono Boost)  
  51  4:43  Probe (Chrono Boost)  
  52  4:48  Probe (Chrono Boost)  
  53  4:53  Probe  
  53  4:54  Immortal (Chrono Boost)  
  53  4:57  Gateway  
  56  5:00  Probe  
  56  5:03  Probe  
  56  5:11  Gateway  
  56  5:12  Probe  
  57  5:14  Probe, Gateway  
  57  5:20  Gateway  
  58  5:23  Stalker  
  58  5:25  Probe  
  58  5:28  Stalker, Pylon  
  61  5:30  Observer (Chrono Boost)  
  64  5:38  Probe  
  64  5:40  Probe  
  66  5:45  Gateway  
  66  5:47  Probe  
  66  5:49  Gateway  
  67  5:54  Stalker x2  
  67  5:55  Stalker  
  67  5:56  Probe  
  73  5:58  Probe  
  73  6:01  Probe  
  75  6:09  Probe  
  76  6:14  Forge  
  76  6:15  Probe x2, Warp Prism (Chrono Boost)  
  80  6:21  Probe  
  80  6:22  Stalker x2  
  80  6:25  Pylon  
  85  6:26  Stalker  
  85  6:27  Probe  
  85  6:30  Stalker, Probe  
  90  6:40  Pylon  
  90  6:43  Probe  
  90  6:44  Probe  
  90  6:46  Stalker, Pylon  
  90  6:47  Stalker  
  92  6:54  Photon Cannon  
  92  6:55  Stalker  
  92  6:59  Probe  
  95  7:01  Protoss Ground Weapons Level 1  
  95  7:06  Probe  
  95  7:07  Robotics Bay  
  95  7:08  Probe  
  97  7:17  Sentry x3  
  97  7:19  Stalker x2  
  103  7:23  Stalker x3  
  109  7:30  Pylon  
  109  7:31  Pylon  
  109  7:33  Pylon, Photon Cannon  
  109  7:36  Photon Cannon  
  107  7:52  Stalker x5  
  107  7:53  Stalker  
  105  8:00  Sentry  
  103  8:08  Stalker  
  103  8:09  Probe  
  103  8:11  Assimilator x2  
  106  8:15  Zealot  
  106  8:16  Zealot x3  
  106  8:27  Stalker x3  
  81  8:42  Stalker x2, Zealot  
  81  8:43  Zealot x2  
  85  8:53  Stalker x2  
  85  8:55  Zealot  

Tags
 
Add a new tag
Caveats
  • Supply blocks, unpowered buildings, or Contaminate may cause inaccurate times.
  • Supply counts are checked every 10 seconds.